 Dungeon Crawl Stone Soup version 0.30-a0-335-ge5acde7520 (console) character file.

Game seed: 10177253671282410016

375811 jejorda2 the Phalangite (level 22, -7/198 HPs)
             Began as a Merfolk Berserker on Oct 30, 2022.
             Was a High Priest of Trog.
             Mangled by Mennas
             ... wielding a +1 trishula of holy wrath
              (11 damage)
             ... on level 4 of the Vaults.
             The game lasted 02:41:06 (50970 turns).

jejorda2 the Phalangite (Merfolk Berserker)        Turns: 50970, Time: 02:41:07

Health: -7/198     AC: 33    Str: 26    XL:     22   Next: 77%
Magic:  22/22      EV:  8    Int:  9    God:    Trog [*****.]
Gold:   1206       SH:  0    Dex: 13    Spells: 21/21 levels left

rFire   + + .      SeeInvis +    a - +8 bardiche {flame, rPois rF- SInv}
rCold   + + .      Faith    +    (shield currently unavailable)
rNeg    + . .      Spirit   .    k - +1 gold dragon scales
rPois   +          Reflect  .    B - +0 hat "Bublyduoz" {+Blink rElec}
rElec   +          Harm     .    Y - +2 cloak "Qafef" {-Cast rF+ rN+}
rCorr   .          Rampage  .    H - +2 pair of gloves
Will    ++++.      NoCast   +    F - +2 pair of boots {Fly}
Stlth   ..........               w - amulet of faith
HPRegen 1.53/turn                W - ring of protection from fire
MPRegen 0.18/turn                T - ring "Asuaz Apsu" {rElec rC+ Will+}

@: strong-willed, on berserk cooldown, flying, regenerating, hasted and slowed,
glowing, silenced
A: (nimble swimmer 2), mertail, no potion heal 1
}: 2/15 runes: serpentine, barnacled
a: Renounce Religion, Evoke Blink


You were on level 4 of the Vaults.
You worshipped Trog.
Trog was extremely pleased with you.
You visited 7 branches of the dungeon, and saw 37 of its levels.
You visited the Abyss 1 time.
You also visited: Sewer, Bailey, Gauntlet and Volcano.

You collected 4340 gold pieces.
You spent 3134 gold pieces at shops.

Inventory:

Hand Weapons
 a - the +8 bardiche of Inflation (weapon) {flame, rPois rF- SInv}
   (Trog gifted it to you on level 5 of the Lair of Beasts)

   It burns those it strikes, dealing additional fire damage.
   Big, fiery blades are also staple armaments of hydra-hunters.
   rF:        It makes you vulnerable to fire.
   rPois:     It protects you from poison.
   SInv:      It lets you see invisible.
 b - a +9 antimagic bardiche
Missiles
 e - 26 boomerangs (quivered)
 f - 2 boomerangs of dispersal
 q - 6 throwing nets
 t - 9 curare-tipped darts
 v - 49 poisoned darts
 y - 2 atropa-tipped darts
 J - 17 silver javelins
 O - 14 javelins
Armour
 k - +1 gold dragon scales (worn)
 B - the +0 hat "Bublyduoz" (worn) {+Blink rElec}
   (You bought it in a shop on level 1 of the Vaults)

   rElec:     It insulates you from electricity.
   +Blink:    It lets you blink.
 F - a +2 pair of boots of flying (worn)
 H - a +2 pair of gloves (worn)
 Y - the +2 cloak "Qafef" (worn) {-Cast rF+ rN+}
   (You found it on level 5 of the Lair of Beasts)

   rF:        It protects you from fire.
   rN:        It protects you from negative energy.
   -Cast:     It prevents spellcasting.
Jewellery
 o - a ring of resist corrosion
 w - an amulet of faith (around neck)
 A - a ring of willpower
 T - the ring "Asuaz Apsu" (right hand) {rElec rC+ Will+}
   (You found it on level 3 of the Elven Halls)

   [ring of protection from cold]

   rC:        It protects you from cold.
   rElec:     It insulates you from electricity.
   Will:      It increases your willpower.
 W - a ring of protection from fire (left hand)
Wands
 c - a wand of charming (17)
 r - a wand of mindburst (5)
 z - a wand of digging (6)
 L - a wand of iceblast (27)
 P - a wand of flame (21)
 U - a wand of light (6)
 Z - a wand of polymorph (20)
Scrolls
 d - 3 scrolls of summoning
 p - 9 scrolls of teleportation
 s - 4 scrolls of blinking
 G - 4 scrolls of fear
 I - 4 scrolls of poison
 K - a scroll of silence
 S - 4 scrolls of magic mapping
 X - 4 scrolls of fog
Potions
 g - 5 potions of might
 i - 13 potions of attraction
 j - 2 potions of resistance
 l - 3 potions of mutation
 n - a potion of ambrosia
 u - 3 potions of berserk rage
 x - 3 potions of haste
 C - 15 potions of curing
 E - 2 potions of cancellation
 Q - a potion of invisibility
Miscellaneous
 h - a tin of tremorstones (2/2)
 m - a phial of floods
 D - a condenser vane (inert)
 R - a lightning rod (4/4)


   Skills:
 * Level 22.7 Fighting
 - Level 24.0 Polearms
 - Level 16.0 Throwing
 + Level 17.3 Armour
 - Level 6.3 Dodging
 - Level 9.0 Evocations


You had 21 spell levels left.
You didn't know any spells.
Your spell library contained the following spells:

 Spells                   Type           Power      Damage    Failure   Level
 Manifold Assault         Tloc           0%         N/A       100%        4
 Dispersal                Tloc           0%         N/A       100%        6
 Disjunction              Tloc           0%         N/A       100%        8


Dungeon Overview and Level Annotations

Branches:
Dungeon (15/15)            Temple (0/1) D:6            Lair (5/5) D:8
 Shoals (4/4) Lair:3        Snake (4/4) Lair:2        Slime (0/5) Lair:4
    Orc (2/2) D:12            Elf (3/3) Orc:2        Vaults (4/5) D:13
  Crypt (0/3) Vaults:3     Depths (0/4) D:15          Sewer (visited)
 Bailey (visited)         Volcano (visited)         Gauntlet (visited)

Altars:
Cheibriados
Elyvilon
Gozag
Qazlal
Sif Muna
Vehumet
Wu Jian
Xom
Lugonu

Shops:
D:13 :   D:15 [   Orc:2 [([*   Elf:1 ?   Elf:3 (   Snake:1 :*   Vaults:1 [
Vaults:2 ?

Portals:
Abyss: Shoals:2

Annotations:
Lair:3 1 runed translucent door, Liwostraq's ghost, journeyman MeFi
Shoals:2 1 runed translucent door, exclusion: door
Snake:4 1 runed translucent door, Powertoast's ghost, adept MiBe
Vaults:4 Mennas


Innate Abilities, Weirdness & Mutations

((You are very nimble when in or above water. (Stealth+, EV+, Speed+++)))
Your lower body shifts to a powerful aquatic tail in water.
Potions are less effective at restoring your health.


Message History

Aim: Mennas, wielding a +1 trishula of holy wrath and wearing a +0 tower shield (thunder, moderately wounded, haloed, about 46% to evade the +8 bardiche of Inflation)
You reach to attack!
You slash Mennas! You burn Mennas!
Mennas is heavily wounded.
You are no longer berserk.
You are exhausted.
You feel yourself slow down.
Mennas hits you from afar with a +1 trishula of holy wrath!
Mennas hits you but does no damage. The vault warden barely misses you.
The tengu reaver hits you from afar with a +0 bardiche.
The yaktaur captain shoots a bolt.
The bolt hits you!!
The vault warden attacks as you move away!
The vault warden hits you with a +4 great mace of holy wrath.
The vault warden activates a sealing rune.
The tengu reaver hits you but does no damage.
Your cyclops closely misses the vault warden.
You hear a shout!
You feel yourself speed up.
Your cyclops seems less confused.
Mennas hits you but does no damage.
Mennas hits you with a +1 trishula of holy wrath.
The tengu reaver hits you but does no damage.
Mennas gestures frantically.
Mennas's surroundings become eerily quiet.
Your cyclops hits the vault warden!!!
The vault warden hits you with a +4 great mace of holy wrath!!
* * * LOW HITPOINT WARNING * * *
The tengu reaver hits you but does no damage.
Mennas hits you with a +1 trishula of holy wrath!
* * * LOW HITPOINT WARNING * * *
Mennas hits you but does no damage.
The vault warden attacks as you move away!
The vault warden hits you with a +4 great mace of holy wrath!!
* * * LOW HITPOINT WARNING * * *
Your cyclops hits the vault warden!!
The vault warden dies!
Trog accepts your kill.
Trog appreciates your killing of a magic user.
The runic seal fades away.
Mennas hits you from afar with a +1 trishula of holy wrath!
You die...

####'#####
#..#.....#
#..#....(#
##..##....#
##....##...#
##......##+##
............#
'##........#
##Q..@####
#C).## #.A##
#..#)c...#
....#
A....########
.....#
.....+......#
.....
.....+......#
....
.....#......#
####
######......#


You could see Mennas (silencing), a tengu reaver and a friendly cyclops
(summoned, berserk).

Vanquished Creatures
  Frederick (Vaults:4)
  Saint Roka (Orc:2)
  Bai Suzhen (Shoals:4)
  A bone dragon (Abyss:3)
  Mlioglotl (Shoals:1)
  3 deep elf blademasters
  2 deep elf master archers (Elf:3)
  A sphinx (Vaults:2)
  3 ancient champions (Vaults:3)
  A storm dragon (Vaults:3)
  Agnes (Elf:1)
  Donald (Snake:4)
  5 nagarajas
  A fire giant (Vaults:1)
  Ilsuiw (Shoals:2)
  A caustic shrike zombie (Abyss:3)
  5 deep elf sorcerers
  Louise (Elf:2)
  11 vault wardens
  Aizul (Snake:4)
  5 deep elf elementalists (Elf:3)
  An orc warlord (Vaults:3)
  A balrug (Gauntlet)
  7 very ugly things
  A stone giant (Vaults:3)
  14 ironbound preservers
  5 ironbound thunderhulks
  4 deep elf demonologists (Elf:3)
  A minotaur (Gauntlet)
  17 dire elephants
  4 deep elf annihilators
  5 deep elf death magi
  6 merfolk javelineers
  7 merfolk impalers
  A fire dragon (D:15)
  9 yaktaur captains
  9 great orbs of eyes
  2 deep elf high priests
  5 hydras
  8 vault guards (D:13)
  4 salamander tyrants (Snake:4)
  8 ironbound frosthearts
  A peacekeeper (Vaults:3)
  An ogre mage (Volcano)
  7 anacondas
  4 boulder beetles
  6 two-headed ogres
  3 merfolk aquamancers
  A catoblepas (Lair:2)
  An alligator snapping turtle (Shoals:4)
  2 merfolk avatars (Shoals:4)
  A death knight (D:13)
  Erica (D:9)
  28 dancing weapons
  2 centaur warriors (D:13)
  3 tengu warriors
  4 satyrs
  6 death yaks (Lair:5)
  12 naga warriors
  10 naga sharpshooters
  16 deep elf knights
  3 orc high priests (Orc:2)
  Urug (D:11)
  A hell knight (Volcano)
  13 shock serpents
  A wretched star (Abyss:3)
  Nergalle (Orc:2)
  14 sea snakes
  An anaconda zombie (Abyss:3)
  A spectral anaconda (Lair:5)
  2 spectral death yaks (Lair:5)
  9 deep elf archers
  3 salamander mystics (Snake:4)
  5 naga ritualists
  3 glowing orange brains
  39 deep trolls
  2 lindwurms (Vaults:3)
  3 phantasmal warriors
  10 ironbound convokers
  4 wizards
  2 obsidian statues
  3 orc knights
  12 harpies
  33 deep elf pyromancers
  14 deep elf zephyrmancers
  2 orc sorcerers (Orc:2)
  An oklob plant (Orc:1)
  7 necromancers
  6 mana vipers
  28 ugly things
  13 manticores
  16 fauns
  2 cyclopes
  6 salamanders
  Maurice (D:9)
  A dire elephant zombie (Lair:5)
  25 elephants
  15 naga magi
  2 molten gargoyles (Volcano)
  7 merfolk sirens
  3 guardian serpents
  15 vault sentinels
  A human skeleton (Vaults:3)
  3 centaur zombies (D:15)
  36 black mambas
  2 gargoyles (D:13)
  2 apocalypse crabs
  17 cane toads
  A smoke demon (Abyss:3)
  2 torpor snails (Lair:2)
  6 water nymphs
  2 unseen horrors
  A dire elephant skeleton (Lair:5)
  2 elf skeletons (Vaults:3)
  Psyche (D:11)
  6 rime drakes
  An efreet (Abyss:3)
  A yaktaur skeleton (Vaults:3)
  3 hellwings (Abyss:3)
  38 yaktaurs
  8 komodo dragons
  2 tengu conjurers
  21 merfolk
  4 trolls
  A queen bee (Gauntlet)
  A harpy zombie (Abyss:3)
  7 wind drakes
  2 polar bears (D:8)
  A wolf spider simulacrum (D:15)
  A merfolk (shapeshifter) (Vaults:3)
  8 snapping turtles
  2 spectral elephants (Lair:5)
  20 blink frogs
  Prince Ribbit (D:9)
  11 dream sheep
  45 slime creatures
  Sigmund (D:5)
  A shadow (D:13)
  3 centaur simulacra (D:15)
  12 water elementals
  3 wraiths
  2 air elementals
  6 wyverns
  2 fire bats (Volcano)
  A fire elemental (Elf:2)
  A ynoxinul (Abyss:3)
  45 yaks
  A steam dragon (D:8)
  4 basilisks
  2 neqoxecs (Abyss:3)
  A death yak simulacrum (Lair:5)
  A chaos spawn (Abyss:3)
  7 vampire mosquitoes
  3 wargs (Orc:2)
  Menkaure (D:6)
  Edmund (D:5)
  A spectral cane toad (Lair:5)
  A small abomination (Abyss:3)
  32 nagas
  An acid dragon (D:11)
  21 water moccasins
  Duvessa (D:5)
  2 hell hounds (Gauntlet)
  31 orc warriors
  6 black bears
  3 ice beasts
  A sky beast (D:7)
  An elephant skeleton (Lair:5)
  6 ogres
  19 wolves
  4 centaurs (D:8)
  A phantom (D:5)
  7 kobold brigands
  6 scorpions
  7 bullfrogs
  A necrophage (D:2)
  11 gnoll sergeants
  Blork the orc (D:6)
  A cane toad simulacrum (Lair:5)
  An earth elemental (Elf:2)
  5 wights (D:7)
  An elephant simulacrum (Lair:5)
  Dowan (D:5)
  7 killer bees
  4 howler monkeys
  7 electric eels
  5 lava snakes (Volcano)
  3 jellies
  6 gnoll boudas
  17 orc priests
  6 hounds
  Crazy Yiuf (D:7)
  3 iguanas
  20 orc wizards
  6 hell rats
  23 gnolls
  8 adders
  2 river rats (Sewer)
  2 white imps
  2 ufetubi
  A dart slug (D:3)
  64 orcs
  3 bats (D:2)
  5 endoplasms
  6 giant cockroaches
  10 goblins
  5 hobgoblins
  4 jackals (D:1)
  5 quokkas
  7 ball pythons
  8 frilled lizards
  11 kobolds
  14 rats
1402 creatures vanquished.

Vanquished Creatures (collateral kills)
  A sphinx (Vaults:4)
  A vault warden (Vaults:4)
  A deep elf demonologist (Elf:3)
  A deep elf annihilator (Elf:3)
  2 deep elf death magi (Elf:3)
  A satyr (Shoals:4)
  A dancing weapon (Elf:2)
  A phantasmal warrior (Vaults:4)
  2 orc knights (Orc:2)
  A faun (Shoals:4)
  A yaktaur (Vaults:4)
  2 merfolk (Shoals:4)
  A naga (Snake:4)
  An orc warrior (Orc:2)
  An orc (Orc:2)
  4 kobolds (D:9)
22 creatures vanquished.

Vanquished Creatures (others)
  A fire giant (Vaults:3)
  A harpy (Shoals:3)
  A merfolk (Shoals:4)
  A hell rat (Lair:2)
  An orc (Orc:2)
  14 demonic plants (Gauntlet)
  30 fungi
  171 plants
  19 withered plants (Lair:5)
239 creatures vanquished.

Grand Total: 1663 creatures vanquished

Notes
Turn   | Place    | Note
-------+----------+-------------------------------------------
     0 | D:1      | jejorda2 the Merfolk Berserker began the quest for the Orb.
     0 | D:1      | Reached XP level 1. HP: 18/18 MP: 1/1
   422 | D:1      | Reached XP level 2. HP: 22/24 MP: 2/2
   736 | D:1      | Found a faded altar of an unknown god.
   743 | D:1      | Reached XP level 3. HP: 29/29 MP: 3/3
   853 | D:1      | Reached skill level 5 in Polearms
  1018 | D:2      | Reached XP level 4. HP: 37/37 MP: 4/4
  1189 | D:2      | Reached ** piety under Trog
  1204 | D:2      | Noticed a necrophage
  1217 | D:2      | Killed a necrophage
  1218 | D:2      | Reached skill level 6 in Polearms
  1218 | D:2      | Reached XP level 5. HP: 42/42 MP: 5/5
  2061 | D:3      | Reached XP level 6. HP: 47/49 MP: 6/6
  2711 | D:3      | Found a shimmering blue altar of Sif Muna.
  3040 | D:4      | Identified a scroll of acquirement
  3040 | D:4      | Acquired a +1 cloak of willpower
  3180 | D:4      | Reached skill level 7 in Polearms
  3296 | D:4      | Acquired the ring "Wiulix" {rPois Str+4}
  3523 | D:4      | Found a snail-covered altar of Cheibriados.
  3612 | D:4      | Reached skill level 5 in Fighting
  3612 | D:4      | Reached XP level 7. HP: 48/56 MP: 7/7
  3936 | D:5      | Entered Level 5 of the Dungeon
  3948 | D:5      | Noticed Duvessa
  3949 | D:5      | Noticed Dowan
  3963 | D:5      | Killed Duvessa
  3964 | D:5      | Reached skill level 8 in Polearms
  3966 | D:5      | Killed Dowan
  4115 | D:5      | Noticed Edmund
  4125 | D:5      | Killed Edmund
  4222 | D:5      | Reached skill level 9 in Polearms
  4222 | D:5      | Reached XP level 8. HP: 64/64 MP: 8/8
  4298 | D:5      | Noticed Sigmund
  4299 | D:5      | Reached *** piety under Trog
  4308 | D:5      | Killed Sigmund
  4309 | D:5      | Reached skill level 10 in Polearms
  4810 | D:6      | Found a staircase to the Ecumenical Temple.
  4819 | D:6      | Reached skill level 11 in Polearms
  4849 | D:6      | Found a glowing drain.
  4861 | Sewer    | Entered a sewer
  5265 | D:6      | Noticed Blork the orc
  5269 | D:6      | Killed Blork the orc
  5302 | D:6      | Reached XP level 9. HP: 67/69 MP: 9/9
  5321 | D:6      | Noticed Menkaure
  5324 | D:6      | Killed Menkaure
  5393 | D:6      | Reached skill level 12 in Polearms
  5430 | D:6      | Reached **** piety under Trog
  5666 | D:6      | Reached skill level 5 in Armour
  5909 | D:7      | Reached skill level 13 in Polearms
  6245 | D:7      | Found an opulent altar of Gozag.
  6371 | D:7      | Found a runed translucent door.
  6372 | D:7      | Noticed Crazy Yiuf
  6377 | D:7      | Killed Crazy Yiuf
  6783 | D:8      | Noticed a polar bear
  6798 | D:8      | Reached skill level 14 in Polearms
  6800 | D:8      | Noticed a polar bear
  6804 | D:8      | Killed a polar bear
  6805 | D:8      | Reached XP level 10. HP: 43/76 MP: 10/10
  6815 | D:8      | Found a staircase to the Lair.
  6869 | D:8      | Reached skill level 15 in Polearms
  6896 | D:8      | Killed an unseen horror
  6968 | D:8      | Found a flagged portal.
  6994 | Bailey   | Entered a bailey
  7183 | Bailey   | Reached skill level 16 in Polearms
  7310 | Bailey   | Identified the +2 chain mail of Wannah {Rampage Will- rCorr
                  | Int+3}
  7334 | Bailey   | Reached skill level 1 in Throwing
  8006 | D:8      | Reached skill level 17 in Polearms
  8215 | D:9      | Reached XP level 11. HP: 81/81 MP: 11/11
  8261 | D:9      | Noticed Maurice
  8310 | D:9      | Killed Maurice
  8486 | D:9      | Noticed Prince Ribbit
  8495 | D:9      | Killed Prince Ribbit
  8550 | D:9      | Found a shimmering altar of Xom.
  8815 | D:9      | Noticed Erica
  8825 | D:9      | Killed Erica
  8826 | D:9      | Reached skill level 18 in Polearms
  9030 | D:9      | Identified the +6 flail "Hoclun" {holy, rElec rC++ Str-3
                  | Dex+3 Stlth+}
  9178 | D:10     | Entered Level 10 of the Dungeon
  9317 | D:10     | Reached skill level 5 in Throwing
  9570 | D:10     | Reached skill level 19 in Polearms
  9587 | D:10     | Reached ***** piety under Trog
  9786 | D:10     | Found a faded altar of an unknown god.
  9786 | D:10     | Found a faded altar of an unknown god.
  9793 | D:10     | Found a stormy altar of Qazlal.
  9795 | D:10     | Found a radiant altar of Vehumet.
  9797 | D:10     | Found an ornate altar of the Wu Jian Council.
 10196 | D:11     | Noticed a two-headed ogre
 10202 | D:11     | Killed a two-headed ogre
 10299 | D:11     | Noticed a boulder beetle
 10305 | D:11     | Killed a boulder beetle
 10306 | D:11     | Reached XP level 12. HP: 89/89 MP: 12/12
 10514 | D:11     | Noticed Urug
 10540 | D:11     | Killed Urug
 10606 | D:11     | Noticed Psyche
 10623 | D:11     | Killed Psyche
 10888 | D:11     | Reached skill level 20 in Polearms
 11577 | D:12     | Noticed a boulder beetle
 11596 | D:12     | Killed a boulder beetle
 11671 | D:12     | Noticed a boulder beetle
 11691 | D:12     | Killed a boulder beetle
 11993 | D:12     | Found a staircase to the Orcish Mines.
 12139 | Lair:1   | Entered Level 1 of the Lair of Beasts
 12231 | Lair:1   | Reached XP level 13. HP: 103/103 MP: 13/13
 12272 | Lair:1   | Reached skill level 10 in Fighting
 12299 | Lair:1   | Found a dark tunnel.
 12305 | Volcano  | Entered a volcano
 12408 | Volcano  | Found a burning altar of Makhleb.
 12624 | Volcano  | Received a gift from Trog
 12875 | Lair:1   | Reached XP level 14. HP: 113/113 MP: 14/14
 12876 | Lair:1   | Reached XP level 15. HP: 119/119 MP: 15/15
 13432 | Lair:2   | Reached skill level 1 in Evocations
 13476 | Lair:2   | Found a staircase to the Snake Pit.
 13479 | Lair:2   | Found a gate leading to a gauntlet.
 13510 | Gauntlet | Entered a Gauntlet
 13510 | Gauntlet | Found a transporter.
 13510 | Gauntlet | Found a transporter.
 13530 | Gauntlet | Found a transporter.
 13533 | Gauntlet | Found a transporter.
 13533 | Gauntlet | Found a transporter.
 13535 | Gauntlet | Found a transporter.
 13543 | Gauntlet | Found a transporter.
 13547 | Gauntlet | Found a transporter.
 13549 | Gauntlet | Noticed a balrug
 13561 | Gauntlet | Found a transporter.
 13658 | Gauntlet | Found a transporter.
 13662 | Gauntlet | Found a transporter.
 13672 | Gauntlet | Found a transporter.
 13777 | Gauntlet | Identified the ring "Udebytuz" {Int+3 Dex+6}
 13847 | Gauntlet | Killed a balrug
 13858 | Gauntlet | Identified the +0 pair of gloves of Levity {rN+++ Int-4
                  | Dex+6}
 13922 | Gauntlet | Identified the +7 flail of Salt {holy, Drain rN+ Int+3}
 13922 | Gauntlet | Identified the ring "Vymeq" {Fire Contam rPois rN+++ Str-3}
 13952 | Gauntlet | Identified the +8 short sword of Vizyf {venom, rF+ Str+7}
 14383 | Lair:2   | Identified the amulet "Cesuzebo" {Spirit rElec}
 14440 | Lair:2   | Reached skill level 10 in Armour
 15303 | Lair:3   | Found a runed translucent door.
 15306 | Lair:3   | Noticed Liwostraq's ghost (journeyman MeFi)
 15500 | Lair:3   | Identified the +3 halberd of Trog's Vengeance {vorpal,
                  | Dex+3} (Trog gifted it to you on level 3 of the Lair of
                  | Beasts)
 15500 | Lair:3   | Received a gift from Trog
 15772 | Lair:3   | Found a staircase to the Shoals.
 16105 | Lair:4   | Reached XP level 16. HP: 127/127 MP: 16/16
 16112 | Lair:4   | Reached skill level 5 in Evocations
 16308 | Lair:4   | Found a staircase to the Slime Pits.
 17267 | Lair:5   | Entered Level 5 of the Lair of Beasts
 18049 | Lair:5   | Identified the +8 bardiche of Inflation {flame, rPois rF-
                  | SInv} (Trog gifted it to you on level 5 of the Lair of
                  | Beasts)
 18049 | Lair:5   | Received a gift from Trog
 18399 | Lair:5   | Identified the +2 cloak "Qafef" {-Cast rF+ rN+}
 19093 | D:13     | Found Awiace's Book Shoppe.
 19135 | D:13     | Found a gate to the Vaults.
 19147 | D:13     | Reached skill level 21 in Polearms
 19414 | D:13     | Reached XP level 17. HP: 133/133 MP: 17/17
 19811 | D:13     | Received a gift from Trog
 20617 | D:15     | Entered Level 15 of the Dungeon
 20632 | D:15     | Reached skill level 22 in Polearms
 20747 | D:15     | Found Hisux's Antique Armour Boutique.
 20999 | D:15     | Found a staircase to the Depths.
 21051 | D:15     | Found a white marble altar of Elyvilon.
 21332 | D:15     | Identified the +0 ring mail of Rocwonis {Fly rCorr Str+2}
 21584 | Orc:1    | Entered Level 1 of the Orcish Mines
 21602 | Orc:1    | Received a gift from Trog
 22009 | Orc:2    | Entered Level 2 of the Orcish Mines
 22104 | Orc:2    | Reached skill level 23 in Polearms
 22370 | Orc:2    | Found a staircase to the Elven Halls.
 22398 | Orc:2    | Noticed Saint Roka
 22432 | Orc:2    | Killed Saint Roka
 22736 | Orc:2    | Noticed Nergalle
 22757 | Orc:2    | Killed Nergalle
 22782 | Orc:2    | Received a gift from Trog
 22897 | Orc:2    | Found Rewajinu's Antique Armour Shoppe.
 22993 | Orc:2    | Found Savichot's General Store.
 23110 | Orc:2    | Found Alyniut's Jewellery Shoppe.
 23123 | Orc:2    | Found Pohic's Antique Weapon Shoppe.
 23410 | Orc:2    | Found Lowku's Antique Armour Emporium.
 23544 | Orc:2    | Bought gold dragon scales for 2400 gold pieces
 23734 | Lair:2   | Upgraded the game from 0.30-a0-331-g8ab09dc110 to
                  | 0.30-a0-335-ge5acde7520
 23900 | Shoals:1 | Entered Level 1 of the Shoals
 23955 | Shoals:1 | Noticed Mlioglotl
 23979 | Shoals:1 | Killed Mlioglotl
 23980 | Shoals:1 | Reached skill level 24 in Polearms
 24067 | Shoals:1 | Identified the +4 glaive of Charity {vorpal, Int+3 Dex+2}
 24883 | Shoals:2 | Noticed Ilsuiw
 25136 | Shoals:2 | Killed Ilsuiw
 25137 | Shoals:2 | Reached XP level 18. HP: 96/142 MP: 6/18
 25366 | Shoals:2 | Found a runed translucent door.
 26016 | Shoals:2 | Found a corrupted altar of Lugonu.
 26016 | Shoals:2 | Found a one-way gate to the infinite horrors of the Abyss.
 26056 | Shoals:3 | Identified the +11 mace "Mistraciora" {holy, rElec rPois
                  | Int+2}
 26893 | Shoals:4 | Entered Level 4 of the Shoals
 27292 | Shoals:3 | Received a gift from Trog
 27697 | Shoals:4 | Noticed Bai Suzhen
 27832 | Shoals:4 | Got a barnacled rune of Zot
 27986 | Shoals:4 | Killed Bai Suzhen
 28897 | Snake:1  | Entered Level 1 of the Snake Pit
 29213 | Snake:1  | Found Kohaim's Assorted Antiques.
 29219 | Snake:1  | Bought a bone ring for 180 gold pieces
 29581 | Snake:1  | Found Hacaugusch's Vocational Training.
 30504 | Snake:2  | Reached XP level 19. HP: 143/153 MP: 5/19
 30892 | Snake:2  | Reached skill level 15 in Throwing
 32397 | Snake:3  | Received a gift from Trog
 32854 | Snake:4  | Entered Level 4 of the Snake Pit
 33402 | Snake:4  | Found a runed translucent door.
 33416 | Snake:4  | Found a shimmering altar of Xom.
 33416 | Snake:4  | Noticed Powertoast's ghost (adept MiBe)
 34038 | Snake:4  | Noticed Aizul
 34063 | Snake:4  | Killed Aizul
 34371 | Snake:4  | Reached skill level 5 in Dodging
 34776 | Snake:4  | Identified the +0 kite shield "Per Axto" {Regen+}
 34776 | Snake:4  | Noticed Donald
 34788 | Snake:4  | Reached skill level 15 in Fighting
 35755 | Snake:4  | Reached skill level 15 in Armour
 36036 | Snake:4  | Got a serpentine rune of Zot
 36083 | Snake:4  | Killed Donald
 36571 | Elf:1    | Entered Level 1 of the Elven Halls
 36971 | Elf:1    | Noticed Agnes
 36976 | Elf:1    | Killed Agnes
 37113 | Elf:1    | Reached XP level 20. HP: 116/164 MP: 14/20
 37361 | Elf:1    | Found Meorch's Magic Scroll Emporium.
 37366 | Elf:1    | Bought a scroll of fear for 68 gold pieces
 37401 | Elf:1    | Received a gift from Trog
 38288 | Elf:2    | Paralysed by an air elemental for 1 turns
 38472 | Elf:2    | Reached ****** piety under Trog
 38715 | Elf:2    | Received a gift from Trog
 38821 | Elf:2    | Found a runed translucent gate.
 38822 | Elf:2    | Found a runed translucent gate.
 38822 | Elf:2    | Found a runed translucent gate.
 39296 | Elf:2    | Noticed Louise
 39615 | Elf:2    | Killed Louise
 40136 | Elf:3    | Entered Level 3 of the Elven Halls
 40663 | Elf:3    | Found Tusashid's Weapon Shop.
 40671 | Elf:3    | Bought a throwing net for 36 gold pieces
 41072 | Elf:3    | HP: 1/172 [deep elf annihilator/crystal spear (61)]
 41082 | Elf:3    | Identified the +6 mace of Kono {vorpal, Int+2}
 41084 | Elf:3    | Identified the +5 dagger of Spite {venom, *Corrode rN++
                  | Dex+4}
 41101 | Elf:3    | Identified the ring "Asuaz Apsu" {rElec rC+ Will+}
 41103 | Elf:3    | Identified the ring "Miqa" {rC+ Int+4}
 41118 | Elf:3    | Identified the ring "Caoll" {+Blink Str+6}
 41142 | Abyss:3  | Cast into level 3 of the Abyss (a deep elf sorcerer)
 41215 | Abyss:3  | Received a gift from Trog
 41241 | Abyss:3  | Gained mutation: Potions are less effective at restoring
                  | your health. [a neqoxec]
 41306 | Abyss:3  | Noticed a bone dragon
 41318 | Abyss:3  | Killed a bone dragon
 41372 | Abyss:3  | Reached XP level 21. HP: 134/179 MP: 15/21
 41376 | Elf:3    | Escaped the Abyss
 41429 | Elf:3    | Identified the ring of Zoggyucw {EV+4 Str+2 Int-4 SInv}
 41565 | Elf:3    | Identified the +1 shortbow of the Blessed Realm {flame, rN+
                  | Int+2}
 41569 | Elf:3    | Identified the +1 hand crossbow "Sinel" {flame, Will+ rCorr
                  | Dex-2 Stlth+}
 41824 | Elf:3    | Identified the +1 robe of Gozag's Grace {*Slow rElec rPois
                  | Int-3}
 41847 | Elf:3    | Identified the ring "Penlue" {rElec rPois Int-4 Dex-4 SInv}
 42400 | Vaults:1 | Entered Level 1 of the Vaults
 43540 | Vaults:1 | Received a gift from Trog
 43542 | Vaults:1 | Identified the +6 arbalest "Athassoc" {antimagic, Drain rC+
                  | Str+2}
 44300 | Vaults:1 | Found Kazanlot's Armour Shop.
 44308 | Vaults:1 | Bought the +0 hat "Bublyduoz" {+Blink rElec} for 450 gold
                  | pieces
 45504 | Vaults:2 | Paralysed by a great orb of eyes for 3 turns
 45884 | Vaults:2 | Received a gift from Trog
 46479 | Vaults:2 | Found Pikufun's Magic Scroll Shoppe.
 47275 | Vaults:2 | Reached XP level 22. HP: 183/192 MP: 22/22
 47866 | Vaults:3 | Received a gift from Trog
 48939 | Vaults:3 | Found a staircase to the Crypt.
 49991 | Vaults:3 | Received a gift from Trog
 50238 | Vaults:3 | Found the +5 scythe "Finisher" {speed, eviscerate}
 50242 | Vaults:3 | Identified the ring of Xenwusmiki {rN+ EV+4}
 50763 | Vaults:4 | Noticed Frederick
 50774 | Vaults:4 | Killed Frederick
 50941 | Vaults:4 | Noticed Mennas
 50970 | Vaults:4 | HP: 2/198 [vault warden/+4 great mace of holy wrath (27)]
 50970 | Vaults:4 | Mangled by Mennas

Illustrated notes

Levels and vault maps discovered:
D:1:      minmay_arrival_diagonal_passages, layout_loops_ring,
          dreamdust_ecumenical_altar_hidden_monk_grotto
D:2:      layout_basic, grunt_ministairs_12, minmay_surrounded
D:3:      layout_basic, nicolae_sif_muna_little_library,
          dreamdust_princess_bridge, chequers_avenue
D:4:      layout_loops_cross, mainiacjoe_overflow_boulevard
D:5:      layout_rooms, serial_bayou_pond_a, serial_bayou_ford_a, uniq_edmund,
          uniq_duvessa, uniq_sigmund
D:6:      layout_basic, minmay_temple_entry_junction_2, portal_sewer_entry_f,
          grunt_tough_drop, uniq_blork_the_orc, uniq_menkaure
D:7:      layout_loops_ring, amcnicky_altar_gilded, uniq_crazy_yiuf_cottage
D:8:      layout_rooms, hellmonk_lair_entry_icy, enter_bailey_3
D:9:      layout_long_grid, kennysheep_mini_moat, uniq_erica, uniq_maurice,
          uniq_prince_ribbit1
D:10:     layout_loops_corners, chequers_temple_overflow_minitemple
D:11:     layout_gridville, minmay_starry_boxes, uniq_urug, uniq_psyche
D:12:     layout_loops_cross, kennysheep_orc_monster_closet_entryway
D:13:     layout_irregular_city, erik_vaults_2, serial_shops,
          nicolae_lakefront_shop
D:14:     layout_roguey, patterned_corridor
D:15:     grunt_enter_depths_magical_seal, layout_small_grid, elyvilon_altar_1,
          serial_shops, shop, minivault_15
Lair:1:   layout_loops_ring, enter_volcano_4
Lair:2:   nzn_winding_woodlands_large [nzn_winding_woodlands_hourglass,
          nzn_winding_woodlands_5x15_parted,
          nzn_winding_woodlands_5x5_closed_star,
          nzn_winding_woodlands_center_pierced_h,
          nzn_winding_woodlands_15x15_eel_pit,
          nzn_winding_woodlands_center_garden, nzn_winding_woodlands_5x5_three,
          nzn_winding_woodlands_5x15_zeroes,
          nzn_winding_woodlands_5x5_open_star], layout_gridlike,
          gauntlet_entry_generic
Lair:3:   layout_layer_cave, elwin_shoals_entry_rooms,
          ebering_ghost_reflecting_pool, grunt_megastairs_2
Lair:4:   layout_regular_city, minmay_slime_entry_pillars,
          chequers_serial_rivers_micro_d, columned_hall_lemuel,
          chequers_serial_rivers_small_b, beast_lair_carwin_9,
          grunt_megastairs_4
Lair:5:   due_jungle_book, layout_gridlike, grunt_forest_small_clearings,
          grunt_forest_small_clearing_treed, grunt_megastairs_1
Shoals:1: layout_shoals, nicolae_shoals_seven_spires, uniq_mlioglotl
Shoals:2: layout_shoals, nicolae_shoals_abyss_on_the_beach, uniq_ilsuiw
Shoals:3: layout_shoals
Shoals:4: shoals_end_grunt_garden, layout_shoals, uniq_bai_suzhen
Snake:1:  layout_gridlike, st_stairs_7, nicolae_shop_vocational,
          serial_bayou_shore_a, minmay_shop_star
Snake:2:  layout_grid_shapes
Snake:3:  layout_honeycomb
Snake:4:  minmay_snake_end_coiled, layout_chambers, ebering_ghost_xom,
          uniq_donald, uniq_aizul
Orc:1:    layout_caves, mines3_lemuel
Orc:2:    grunt_orc_cross, layout_diamond_mine, serial_shops,
          nicolae_shop_overgrown_old_shop, mines2_david
Elf:1:    eino_elf_arrival_customs, layout_geoelf_grid, serial_shops,
          shop_fountains, kennysheep_underground_church, uniq_agnes
Elf:2:    nicolae_elf_blades_splatter_lattice
          [nicolae_blade_entry_hurt_lockers], layout_loops_cross, minivault_26,
          uniq_louise
Elf:3:    grunt_elf_hall_asides, layout_loops_corners, serial_shops, shop
Vaults:1: vaults_standard_mumra_enter_the_diamond, ontoclasm_vaults_fault,
          vaults_room_pools, grunt_vaults_twisty,
          nicolae_vaults_yaktaur_gun_rack, vaults_mumra_minichess,
          nicolae_vaults_theta, ontoclasm_vaults_ring_large,
          hangedman_vaults_stream, dpeg_vaults_monster_box, serial_ice_b,
          layout_vaults_omnicross
Vaults:2: nicolae_vaults_little_squares_6, v_misc_1,
          nicolae_vaults_network_star, ontoclasm_vaults_pinch,
          nicolae_vaults_circle_grid_a, v_alt_pattern_6,
          vaults_dpeg_encased_lava, nicolae_vaults_angled_halls,
          nicolae_vaults_specimen_jars, nicolae_vaults_bisected_slash,
          layout_vaults_chaotic_city, serial_shops, shop_fountains
Vaults:3: v_pattern_4, vaults_room_door_hall, dpeg_vaults_waves,
          minmay_crypt_entry_simple_round, vaults_standard_mumra_x,
          nicolae_vaults_border_crossing, v_alt_pattern_5,
          ontoclasm_vaults_loading_screen, ontoclasm_vaults_loading_screen,
          layout_vaults_omnigrid
Vaults:4: vaults_room_large_hall, ontoclasm_vaults_decontamination,
          ontoclasm_vaults_chip, vaults_room_stairs_pillars, v_alt_pattern_6,
          v_misc_4, vaults_room_door_ring, st_octagons_1,
          nicolae_vaults_ring_of_whatevers, v_alt_pattern_2, v_misc_9,
          hangedman_vaults_capsules, layout_vaults_maze_bifur, uniq_frederick,
          uniq_mennas

Skill      XL: |  1  2  3  4  5  6  7  8  9 10 11 12 13 14 15 16 17 18 19 20 21 22 |
---------------+-------------------------------------------------------------------+-----
Polearms       | 5 6 7 9 11 14 17 19 20 21 24 | 24.0
Armour         | 2 3 4 5 6 8 9 10 12 13 14 15 16 17 | 17.3
Fighting       | 4 5 6 9 11 12 14 15 18 20 22 | 22.7
Throwing       | 3 6 9 11 12 14 16 | 16.0
Evocations     | 4 6 8 9 |  9.0
Dodging        | 6 |  6.3

Action                   |  1- 3 |  4- 6 |  7- 9 | 10-12 | 13-15 | 16-18 | 19-21 | 22-24 || total
-------------------------+-------+-------+-------+-------+-------+-------+-------+-------++-------
Melee: Spear             |   112 |   131 |       |       |       |       |       |       ||   243
       Punch             |       |     2 |       |       |       |       |       |       ||     2
       Glaive            |       |    37 |   232 |   706 |   412 |   348 |       |       ||  1735
       Tailslap          |       |       |     2 |       |       |       |       |       ||     2
       Trident           |       |       |       |       |    35 |     9 |       |       ||    44
       Bardiche          |       |       |       |       |       |  1258 |  1554 |   409 ||  3221
Throw: Stone             |     2 |     1 |     6 |     9 |       |     3 |       |       ||    21
       Dart              |       |       |       |     2 |       |     2 |       |       ||     4
       Javelin           |       |       |       |       |       |     9 |    29 |       ||    38
       Boomerang         |       |       |       |       |       |     4 |    36 |     7 ||    47
       Throwing net      |       |       |       |       |       |       |     1 |       ||     1
Invok: Berserk           |     2 |     1 |     3 |     6 |     9 |    16 |    14 |     4 ||    55
       Trog's Hand       |       |     1 |     1 |     6 |     1 |    14 |    12 |     2 ||    37
       Brothers in Arms  |       |       |       |     2 |       |     3 |     5 |     2 ||    12
Evoke: Condenser vane    |       |       |       |       |       |     1 |     1 |     1 ||     3
  Use: Scroll            |       |    10 |     8 |    21 |     4 |     6 |     8 |       ||    57
       Potion            |       |       |       |     2 |     3 |     1 |     5 |     1 ||    12
 Stab: Sleeping          |     3 |     4 |       |       |       |       |       |       ||     7
       Petrified         |       |       |       |       |     9 |       |       |       ||     9
       Paralysed         |       |       |       |       |     2 |       |       |       ||     2
       Distracted        |       |       |       |       |     1 |     2 |       |       ||     3
Armor: Animal skin       |    11 |    15 |    12 |       |       |       |       |       ||    38
       Chain mail        |       |       |    97 |    66 |     3 |       |       |       ||   166
       Crystal plate arm |       |       |       |   226 |   292 |   576 |       |       ||  1094
       Plate armour      |       |       |       |     3 |       |       |       |       ||     3
       Gold dragon scale |       |       |       |       |       |   582 |   857 |   184 ||  1623
Dodge: Dodged            |    40 |    44 |    64 |   143 |   105 |   384 |   319 |    81 ||  1180
Block: Other             |    17 |    23 |    36 |    53 |       |       |       |       ||   129
       Reflection        |       |     1 |       |    11 |       |       |       |       ||    12

Table legend: (Time is in decaauts)
 A = Elapsed time spent in this place.
 B = Non-inter-level travel time spent in this place.
 C = Inter-level travel time spent in this place.
 D = Time resting spent in this place.
 E = Time spent auto-exploring this place.
 F = Levels seen in this place.
 G = Mean time per level.
                   A        B        C        D        E       F      G
               +--------+--------+--------+--------+--------+-----+--------+
         Total |  49265 |  45480 |   3785 |   6432 |  29688 |  42 | 1173.0 |
       Dungeon |  14361 |  13050 |   1311 |    577 |   9775 |  15 |  957.4 |
          Lair |   5967 |   5338 |    629 |    276 |   3882 |   5 | 1193.4 |
        Shoals |   4177 |   3914 |    263 |    848 |   2056 |   4 | 1044.2 |
     Snake Pit |   7317 |   6963 |    354 |   1646 |   4402 |   4 | 1829.2 |
  Orcish Mines |   2075 |   1839 |    236 |    467 |   1039 |   2 | 1037.5 |
   Elven Halls |   5669 |   4955 |    714 |    702 |   3188 |   3 | 1889.7 |
        Vaults |   7869 |   7594 |    275 |   1689 |   4765 |   4 | 1967.2 |
         Abyss |    220 |    220 |      0 |     48 |     15 |   1 |  220.0 |
         Sewer |    102 |    102 |      0 |      0 |     37 |   1 |  102.0 |
        Bailey |    650 |    650 |      0 |     27 |    261 |   1 |  650.0 |
       Volcano |    355 |    355 |      0 |     93 |     53 |   1 |  355.0 |
      Gauntlet |    499 |    499 |      0 |     56 |    211 |   1 |  499.0 |
               +--------+--------+--------+--------+--------+-----+--------+

Top non-repeatable levels by time:
 Snake:4: 3178 daAuts
Vaults:2: 2844 daAuts
   Elf:2: 2570 daAuts
Vaults:3: 2443 daAuts
Vaults:1: 2180 daAuts
   Elf:3: 1681 daAuts
 Snake:2: 1639 daAuts
 Snake:3: 1452 daAuts
   Orc:2: 1446 daAuts
  Lair:5: 1445 daAuts
   Elf:1: 1417 daAuts
Shoals:3: 1362 daAuts
  Lair:2: 1258 daAuts
  Lair:3: 1243 daAuts
    D:12: 1154 daAuts
